Map: 어스름 탑

Players

llllllllllll (Scarlett) - Winner!

  • Race: Zerg Zerg
  • League: Grandmaster

Lucifer

  • Race: Protoss Protoss
  • League: Grandmaster

VOD

Have the link to the VOD?

Description

Time

  • Played on: April 14, 2016, 6:06 a.m.
  • Length: 6:09
Show
View Real Time Build Order
Export as new Build Order

llllllllllll Zerg - Winner!

Build Orders: Hatch First 

Get SALT Encoding   

  12  0:02  Drone  
  13  0:10  Drone  
  14  0:18  Overlord  
  14  0:25  Extractor  
  14  0:26  Drone  
  15  0:37  Drone  
  15  0:38  Drone  
  17  0:49  Drone  
  18  0:57  Hatchery  
  18  1:00  Drone  
  18  1:08  Extractor  
  17  1:14  Spawning Pool  
  17  1:17  Drone  
  17  1:26  Drone  
  17  1:32  Drone  
  19  1:41  Drone  
  20  1:51  Hatchery  
  20  1:52  Drone  
  20  2:02  Queen  
  22  2:09  Metabolic Boost  
  22  2:11  Zergling x2  
  22  2:15  Drone  
  24  2:16  Drone  
  25  2:23  Overlord  
  25  2:25  Drone  
  26  2:40  Drone x2  
  28  2:49  Queen  
  28  2:50  Drone x2  
  32  2:54  Overlord  
  32  3:04  Zergling x2  
  32  3:05  Zergling x4  
  35  3:11  Zergling x8  
  38  3:23  Overlord  
  38  3:24  Zergling x2  
  38  3:25  Zergling x6  
  42  3:30  Pneumatized Carapace  
  42  3:33  Evolution Chamber  
  41  3:34  Overlord  
  41  3:35  Zergling x2  
  41  3:41  Overlord  
  42  3:45  Zergling x4  
  43  3:57  Zergling x2  
  43  3:58  Zergling x12  
  43  4:01  Zergling x4  
  49  4:07  Zergling x4  
  49  4:16  Zergling x4  
  51  4:22  Overlord  
  51  4:23  Zergling x4  
  47  4:36  Zergling x6  
  49  4:47  Zergling x6  
  52  4:54  Zergling x12  
  56  5:02  Zergling x8  
  51  5:14  Zergling x2  
  51  5:15  Zergling x4  
  52  5:22  Zergling x12  
  57  5:29  Zergling x6  
  60  5:35  Zergling x2  
  60  5:36  Zergling x4  
  60  5:42  Zergling x4  
  61  5:51  Zergling x6  
  61  5:52  Zergling x2  
Show
View Real Time Build Order
Export as new Build Order

Lucifer Protoss 

Build Orders: Nexus First, Oracle Opening 

Get SALT Encoding   

  12  0:01  Probe (Chrono Boost)  
  13  0:11  Probe (Chrono Boost)  
  14  0:18  Pylon  
  14  0:22  Probe (Chrono Boost)  
  15  0:36  Probe (Chrono Boost)  
  16  0:47  Probe (Chrono Boost)  
  17  0:57  Nexus  
  17  1:07  Gateway  
  17  1:10  Probe (Chrono Boost)  
  18  1:15  Assimilator  
  18  1:21  Probe (Chrono Boost)  
  18  1:23  Assimilator  
  19  1:31  Probe (Chrono Boost)  
  20  1:32  Pylon  
  20  1:42  Probe (Chrono Boost)  
  21  1:52  Probe (Chrono Boost)  
  22  1:54  Cybernetics Core  
  24  2:04  Probe (Chrono Boost)  
  25  2:09  Probe (Chrono Boost)  
  25  2:14  Probe (Chrono Boost)  
  25  2:20  Probe (Chrono Boost)  
  26  2:25  Probe (Chrono Boost)  
  27  2:30  Probe (Chrono Boost), Stargate  
  27  2:31  Adept  
  27  2:32  Warp Gate  
  27  2:35  Probe (Chrono Boost)  
  31  2:41  Probe (Chrono Boost)  
  32  2:46  Mothership Core (Chrono Boost)  
  34  2:51  Probe (Chrono Boost)  
  35  3:02  Probe (Chrono Boost)  
  35  3:05  Probe (Chrono Boost)  
  37  3:07  Nexus  
  37  3:11  Probe (Chrono Boost)  
  38  3:14  Oracle (Chrono Boost)  
  38  3:19  Pylon  
  41  3:20  Probe  
  41  3:21  Probe  
  43  3:27  Assimilator  
  43  3:29  Assimilator  
  43  3:32  Probe (Chrono Boost)  
  43  3:33  Probe (Chrono Boost)  
  45  3:44  Probe (Chrono Boost), Pylon  
  45  3:45  Probe (Chrono Boost)  
  45  3:46  Oracle  
  50  3:54  Probe (Chrono Boost)  
  52  3:55  Probe (Chrono Boost)  
  50  4:05  Probe (Chrono Boost)  
  50  4:06  Probe (Chrono Boost)  
  51  4:15  Probe (Chrono Boost), Pylon  
  51  4:16  Probe (Chrono Boost)  
  51  4:22  Oracle  
  40  4:26  Probe (Chrono Boost)  
  40  4:27  Probe (Chrono Boost)  
  41  4:33  Probe (Chrono Boost)  
  41  4:36  Probe (Chrono Boost)  
  41  4:38  Probe (Chrono Boost)  
  44  4:44  Probe (Chrono Boost)  
  45  4:46  Adept  
  45  4:47  Probe (Chrono Boost), Pylon  
  45  4:48  Probe (Chrono Boost)  
  49  4:54  Probe (Chrono Boost)  
  49  4:58  Probe x2 (Chrono Boost)  
  51  5:04  Probe (Chrono Boost)  
  42  5:07  Probe (Chrono Boost)  
  42  5:08  Probe (Chrono Boost)  
  42  5:10  Phoenix (Chrono Boost)  
  42  5:13  Probe  
  44  5:18  Probe  
  44  5:20  Probe  
  40  5:29  Probe  
  40  5:30  Adept  
  32  5:51  Probe, Adept  
  32  5:52  Probe  
Tags
 
Add a new tag
Caveats
  • Supply blocks, unpowered buildings, or Contaminate may cause inaccurate times.
  • Supply counts are checked every 10 seconds.